 Dungeon Crawl Stone Soup version 0.31-a0-246-g8cbcc1cb85 (webtiles) character file.

Game seed: 4505874788654053286

39 qw the Shooter (level 3, -1/29 HPs)
             Began as a Minotaur Hexslinger on July 12, 2023.
             Slain by Terence
             ... wielding a +1 vampiric trident
              (5 damage)
             ... on level 2 of the Dungeon.
             The game lasted 00:00:25 (1059 turns).

qw the Shooter (Minotaur Hexslinger)                Turns: 1059, Time: 00:00:25

Health: -1/29      AC:  5    Str: 12    XL:     3   Next: 28%
Magic:  3/3        EV: 11    Int: 10    God:
Gold:   78         SH:  0    Dex: 14    Spells: 3/4 levels left

rFire   . . .        Y - +1 sling
rCold   . . .        (no shield)
rNeg    . . .        e - +0 ring mail
rPois   .            (helmet restricted)
rElec   .            (no cloak)
rCorr   .            (no gloves)
SInv    .            (no boots)
Will    .....        (no amulet)
Stlth   +            (no ring)
HPRegen 0.24/turn    (no ring)
MPRegen 0.08/turn

%: no passive effects
@: no status effects
A: horns 2, retaliatory headbutt
a: no special abilities


You were on level 2 of the Dungeon.
You visited 1 branch of the dungeon, and saw 2 of its levels.

You collected 78 gold pieces.


Innate Abilities, Weirdness & Mutations

You have a pair of horns on your head.
You reflexively headbutt those who attack you in melee.


   Skills:
 - Level 2.0 Fighting
 + Level 3.9 Ranged Weapons
 - Level 2.1 Dodging
 - Level 1.0 Spellcasting
 - Level 2.0 Hexes


You had 3 spell levels left.
You knew the following spells:

 Your Spells              Type           Power      Damage    Failure   Level
a - Slow                  Hex            16%        N/A       34%         1

Your spell library contained the following spells:

 Spells                   Type           Power      Damage    Failure   Level
 Inner Flame              Hex/Fire       2%         N/A       83%         3
 Portal Projectile        Hex/Tloc       4%         N/A       83%         3
 Cause Fear               Hex            2%         N/A       98%         4

Inventory:

Hand Weapons
 Y - a +1 sling (weapon)
Armour
 e - a +0 ring mail (worn)
Scrolls
 b - a scroll of fog {unknown}
Potions
 a - a potion of haste {unknown}
 f - a potion of curing {unknown}
 h - a potion of brilliance {unknown}

Dungeon Overview and Level Annotations

Branches:
Dungeon (2/15)

Altars:

Annotations:
D:2 Terence


Message History

You shoot a sling bullet. The sling bullet hits Terence.
Terence is moderately wounded.
Terence closely misses you. x2
You shoot a sling bullet. The sling bullet hits Terence.
Terence is moderately wounded.
Terence closely misses you.
You shoot a sling bullet. The sling bullet hits Terence.
Terence is severely wounded.
Terence barely misses you.
You shoot a sling bullet.
The sling bullet hits Terence but does no damage.
Terence is severely wounded.
Terence closely misses you.
Terence hits you from afar with a +1 vampiric trident.
Terence draws strength from your wounds!
You shoot a sling bullet.
The sling bullet hits Terence but does no damage.
Terence is heavily wounded.
Terence hits you from afar with a +1 vampiric trident.
You shoot a sling bullet. The sling bullet hits Terence.
Terence is severely wounded.
Terence hits you from afar with a +1 vampiric trident!
Terence draws strength from your wounds!
You shoot a sling bullet.
The sling bullet closely misses Terence.
The sling bullet closely misses the adder.
Terence hits you but does no damage. Terence closely misses you.
You shoot a sling bullet. The sling bullet barely misses Terence.
The sling bullet hits the adder.
The adder is lightly wounded.
Terence barely misses you.
You shoot a sling bullet.
The sling bullet closely misses Terence.
The sling bullet barely misses the adder.
Terence misses you.
You shoot a sling bullet.
The sling bullet hits Terence but does no damage.
Terence is severely wounded.
Terence hits you from afar with a +1 vampiric trident.
You die...

........##.#
.......#..
......#.#
.......
...S. ####
#.#@#
...#########
#.#.#
...........#
#..@#
...........#
##>##
...........#
#.#
.....%.....#
#.#
...#########
#.# ...# #.#
...# #.#
...# #.#
...### #.#


You could see Terence and an adder.

Vanquished Creatures
  An adder (D:2)
  3 endoplasms
  A giant cockroach (D:1)
  4 goblins (D:1)
  6 hobgoblins (D:1)
  5 ball pythons
  3 bats
  2 frilled lizards
  2 kobolds (D:1)
  A rat (D:2)
28 creatures vanquished.

Notes
Turn   | Place    | Note
-------+----------+-------------------------------------------
     0 | D:1      | qw the Minotaur Hexslinger began the quest for the Orb.
     0 | D:1      | Reached XP level 1. HP: 16/16 MP: 1/1
     0 | D:1      | 0 ||| qw: Version: 0.3-a-52-g30416fa
     0 | D:1      | 0 ||| qw: Game counter: 6229
     0 | D:1      | 0 ||| qw: Melee chars always use a shield: true
     0 | D:1      | 0 ||| qw: God list: Okawaru
     0 | D:1      | 0 ||| qw: Allow faded altars: false
     0 | D:1      | 0 ||| qw: Do Orc after clearing Dungeon:15 true
     0 | D:1      | 0 ||| qw: Do second Lair branch before Depths: true
     0 | D:1      | 0 ||| qw: Lair rune preference: random
     0 | D:1      | 0 ||| qw: Goals: Normal
     0 | D:1      | 0 ||| PLANNING D:1-11
   126 | D:1      | Reached skill level 3 in Ranged Weapons
   136 | D:1      | Reached XP level 2. HP: 23/23 MP: 2/2
   433 | D:1      | HP: 6/24 [hobgoblin (2)]
   642 | D:1      | Found a faded altar of an unknown god.
   893 | D:1      | 893 ||| UPGRADING to +0 ring mail.
   903 | D:1      | 903 ||| DROPPING +0 robe.
   904 | D:1      | 904 ||| READING scroll labelled OPROKLULOA.
   909 | D:1      | 909 ||| READING scroll labelled UPLOMOU OSEE.
   910 | D:1      | 910 ||| READING scroll labelled TIHAEN SI ITA.
   911 | D:1      | 911 ||| DROPPING scroll of poison.
   944 | D:2      | Reached XP level 3. HP: 29/29 MP: 3/3
  1042 | D:2      | Noticed Terence
  1055 | D:2      | HP: 3/29 [Terence/+1 vampiric trident (7)]
  1059 | D:2      | Slain by Terence

Levels and vault maps discovered:
D:1:      ldierk_walled_garden_2, layout_basic,
          hellmonk_ecumenical_altar_prayer_group
D:2:      layout_basic, minmay_misc_feat_cross, uniq_terence

Skill      XL: |  1  2 |
---------------+-------+-----
Ranged Weapons | 3 |  3.9
Fighting       | 2 |  2.0
Dodging        | |  2.1
Spellcasting   | |  1.0
Hexes          | |  2.0

Action                     || total
---------------------------++-------
   Fire: Sling             ||   111
    Use: Scroll            ||     3
 Armour: Robe              ||     4
         Ring mail         ||     4
  Dodge: Dodged            ||    38

Table legend:
 A = Non-vault XP
 B = Vault XP
 C = Vault XP percentage of total XP
 D = Non-vault monster count
 E = Vault monster count
 F = Vault count percentage of total count
                 A         B        C        D         E       F
            +---------+---------+-------+---------+---------+-------
      Total |      50 |       7 |  12.3 |      24 |       4 |  14.3
            +---------+---------+-------+---------+---------+-------
        D:1 |      30 |       7 |  18.9 |      17 |       4 |  19.0
        D:2 |      20 |       0 |   0.0 |       7 |       0 |   0.0
            +---------+---------+-------+---------+---------+-------
